 Dungeon Crawl Stone Soup version 0.18.1-1-g2f07953 (webtiles) character file.

6029 CcS the Severer (level 10, -3/77 HPs)
             Began as a Minotaur Berserker on May 7, 2016.
             Was an Elder of Trog.
             Slain by an eight-headed hydra (10 damage)
             ... on level 4 of the Lair of Beasts.
             The game lasted 00:06:02 (5093 turns).

CcS the Severer (Minotaur Berserker)                Turns: 5093, Time: 00:06:03

Health: -3/77      AC: 11    Str: 23    XL:     10   Next: 56%
Magic:  9/9        EV:  7    Int:  4    God:    Trog [****..]
Gold:   268        SH:  0    Dex: 12    Spells: 0 memorised, 9 levels left

rFire  + . .     SeeInvis .     a - +0 hand axe (drain)
rCold  . . .     Gourm    .     f - +0 plate armour
rNeg   . . .     Faith    .     (no shield)
rPois  .         Spirit   .     (helmet restricted)
rElec  .         Dismiss  .     (no cloak)
rCorr  .         Reflect  .     (no gloves)
SustAt .         Harm     .     (no boots)
MR     .....                    (no amulet)
Stlth  ..........               (no ring)
                                j - ring of protection from fire {rF+, !d}

@: about to teleport, not resistant to hostile enchantments, extremely
unstealthy
A: retaliatory headbutt, horns 2
a: Berserk, Trog's Hand, Brothers in Arms, Burn Spellbooks, Renounce Religion


You were on level 4 of the Lair of Beasts.
You worshipped Trog.
Trog was greatly pleased with you.
You were hungry.

You visited 2 branches of the dungeon, and saw 12 of its levels.

You collected 268 gold pieces.

Inventory:

Hand Weapons
 a - a +0 hand axe of draining (weapon)
Armour
 b - a +0 animal skin
 e - a +0 ring mail
   (You found it on level 1 of the Dungeon)
 f - a +0 plate armour (worn)
   (You found it on level 4 of the Dungeon)
 l - the +1 buckler "Tachyukei" {rF+ Int+5, unknown}
   (You found it on level 7 of the Dungeon)

   It affects your intelligence (+5).
   It protects you from fire.
 o - a +0 pair of boots
   (You found it on level 6 of the Dungeon)
 y - the +11 chain mail "Laoghob" {rN+ SInv, unknown}
   (You found it on level 2 of the Lair of Beasts)

   It protects you from negative energy.
   It lets you see invisible.
Jewellery
 j - a ring of protection from fire (left hand) {rF+, !d}
   (You found it on level 4 of the Dungeon)
Wands
 h - a wand of teleportation (0/9)
   (You found it on level 2 of the Dungeon)
 u - a wand of enslavement (13/24)
   (You found it on level 1 of the Lair of Beasts)
 z - a wand of lightning (8/15)
   (You found it on level 4 of the Lair of Beasts)
Scrolls
 k - a scroll of immolation {!r}
 n - 5 scrolls of identify
 w - a scroll of remove curse
Potions
 i - 3 potions of lignification {unknown}
 q - a potion of agility {unknown}
 r - 3 potions of degeneration {!q}
 s - a potion of berserk rage {unknown}
Miscellaneous
 t - an ornate deck of changes
   (You found it on level 1 of the Lair of Beasts)
 v - a crystal ball of energy
   (You found it on level 1 of the Lair of Beasts)
Comestibles
 c - 2 bread rations {@e1}
 d - 13 fruits
 g - 2 meat rations {@e2}
 p - a slice of pizza


   Skills:
 - Level 3.6 Fighting
 + Level 17.8 Axes
 - Level 2.4 Armour
 - Level 2.1 Dodging


You had 9 spell levels left.
You didn't know any spells.

Dungeon Overview and Level Annotations

Branches:
Dungeon (8/15)               Lair (4/8) D:8
 Temple: D:4-7        Swamp: Lair:3-6    Shoals: Lair:3-6     Snake: Lair:3-6
 Spider: Lair:3-6

Altars:
Trog

Portals:
Volcano: Lair:4


Innate Abilities, Weirdness & Mutations

You reflexively headbutt those who attack you in melee.
You have a pair of horns on your head.


Message History

You hit the water moccasin.
Your headbutt misses the water moccasin.
You hear the slow rumble of an avalanche of rocks nearby.
The water moccasin misses you.
You slash the water moccasin!
You kill the water moccasin!
Trog accepts your kill.
No target in view!
No target in view!
No target in view!
Search for what [Enter for "plate", or ? for help]? axe A basilisk comes into view.
The basilisk hisses angrily.
Unknown command.
A basilisk is nearby!
A basilisk is nearby!
A basilisk is nearby!
The basilisk gazes at you. You resist with some effort.
You hit the basilisk. You headbutt the basilisk. You hit the basilisk.
You drain the basilisk! The basilisk bites you.
You take 3 damage, and have 66/77 hp.
You hit the basilisk but do no damage. Your headbutt misses the basilisk.
You barely miss the basilisk.
The basilisk bites you but does no damage.
You hit the basilisk. Your headbutt misses the basilisk.
The basilisk bites you.
You take 5 damage, and have 62/77 hp.
You closely miss the basilisk. You headbutt the basilisk.
You hit the basilisk but do no damage. The basilisk gazes at you.
You resist with some effort.
You hit the basilisk. You drain the basilisk! You headbutt the basilisk!
You kill the basilisk!
Trog accepts your kill.
No target in view!
No target in view!
A porcupine comes into view.
A porcupine is nearby!
A porcupine is nearby!
A porcupine is nearby!
You slash the porcupine!
You kill the porcupine!
Trog accepts your kill.
No target in view!
No target in view!
No target in view!
An eight-headed hydra comes into view.
You see here a porcupine corpse.
An eight-headed hydra is nearby!
An eight-headed hydra is nearby!
You fail to use your ability.
You fail to use your ability.
The eight-headed hydra bites you.
The eight-headed hydra bites you but does no damage.
The eight-headed hydra bites you.
The eight-headed hydra bites you but does no damage. x2
The eight-headed hydra bites you!
The eight-headed hydra bites you but does no damage. x2
You take 22 damage, and have 43/77 hp.
MASSIVE DAMAGE!!
You fail to use your ability.
The eight-headed hydra bites you but does no damage. x3
The eight-headed hydra bites you. x2; The eight-headed hydra bites you!
* * * LOW HITPOINT WARNING * * *
The eight-headed hydra bites you!
* * * LOW HITPOINT WARNING * * *
The eight-headed hydra bites you.
* * * LOW HITPOINT WARNING * * *
You take 34 damage, and have 9/77 hp.
MASSIVE DAMAGE!!
Read which item? (? for menu, Esc to quit)
Okay, then.
Drink which item? (? for menu, Esc to quit)
It was a potion of heal wounds.
You feel much better.
The eight-headed hydra bites you but does no damage. x2
The eight-headed hydra bites you!
The eight-headed hydra barely misses you.
The eight-headed hydra bites you but does no damage.
The eight-headed hydra bites you.
The eight-headed hydra completely misses you.
The eight-headed hydra bites you.
You regained 23 hp, and now have 32/77 hp.
Drink which item? (? for menu, Esc to quit)
You feel much better.
You are feeling hungry.
The eight-headed hydra bites you but does no damage. x2
The eight-headed hydra bites you! x2; The eight-headed hydra bites you.
The eight-headed hydra bites you but does no damage.
The eight-headed hydra bites you.
The eight-headed hydra bites you but does no damage.
You take 3 damage, and have 29/77 hp.
You feel strangely unstable.
This wand has 0 charges left.
The eight-headed hydra bites you!
* * * LOW HITPOINT WARNING * * *
The eight-headed hydra bites you!
* * * LOW HITPOINT WARNING * * *
The eight-headed hydra bites you but does no damage.
The eight-headed hydra bites you!
You die...

...................P###
...................##
........#P..........#
........###.........#.
........##..##.......#
....................#
#...................#
#...................#
........P...@.......#
........##..PD......##
........###.##........
......................
............†........
....................
..................
..####............ .
#####........


You could see an eight-headed hydra.

Vanquished Creatures
  2 spiny frogs (Lair:2)
  A rime drake (Lair:4)
  3 blink frogs (Lair:3)
  6 yaks (Lair:2)
  A basilisk (Lair:4)
  2 hippogriffs
  Menkaure (D:7)
  2 wargs (D:8)
  4 porcupines
  A water moccasin (Lair:4)
  A black bear (D:6)
  2 orc warriors (D:7)
  2 ice beasts (D:7)
  A sky beast (D:8)
  The ghost of CcS the Chopper, an amateur MiBe of Trog (D:4)
  A centaur (D:7)
  3 ogres
  3 crocodiles
  A big kobold (D:7)
  4 giant frogs
  A scorpion (D:8)
  An electric eel (Lair:1)
  3 howler monkeys (D:7)
  A crimson imp (D:5)
  A wasp zombie (D:6)
  3 hounds
  A giant frog skeleton (D:7)
  3 orc priests
  A centaur skeleton (D:7)
  An iguana (Lair:2)
  5 worker ants
  5 orc wizards
  A hound skeleton (D:4)
  8 adders
  A gnoll (D:6)
  A shadow imp (D:6)
  A dart slug (D:1)
  4 giant geckos
  16 orcs
  2 bats
  3 giant cockroaches
  2 goblins (D:2)
  A hobgoblin (D:1)
  3 jackals (D:8)
  2 quokkas
  2 ball pythons
  A ball python skeleton (D:4)
  A giant gecko zombie (D:7)
  4 giant newts
  7 kobolds
  A quokka zombie (D:7)
  2 rats
131 creatures vanquished.

Vanquished Creatures (collateral kills)
  A howler monkey (D:7)
1 creature vanquished.

Vanquished Creatures (others)
  8 plants (Lair:3)
8 creatures vanquished.

Grand Total: 140 creatures vanquished

Notes
Turn   | Place    | Note
--------------------------------------------------------------
     0 | D:1      | CcS the Minotaur Berserker began the quest for the Orb.
     0 | D:1      | Reached XP level 1. HP: 19/19 MP: 0/0
    53 | D:1      | Reached skill level 4 in Axes
    78 | D:2      | Reached XP level 2. HP: 26/26 MP: 1/1
   159 | D:3      | Reached skill level 5 in Axes
   204 | D:3      | Reached XP level 3. HP: 31/31 MP: 2/2
   327 | D:4      | Reached ** piety under Trog
   454 | D:4      | Noticed CcS's ghost (amateur MiBe)
   458 | D:4      | Killed CcS's ghost
   458 | D:4      | Reached skill level 7 in Axes
   458 | D:4      | Reached XP level 4. HP: 39/39 MP: 3/3
   458 | D:4      | Reached XP level 5. HP: 45/45 MP: 4/4
   741 | D:4      | Noticed an ogre
   745 | D:4      | HP: 10/67 [ogre/giant club (20)]
   748 | D:4      | Killed an ogre
   748 | D:4      | Reached skill level 8 in Axes
   748 | D:4      | Reached XP level 6. HP: 12/51 MP: 5/5
  1038 | D:5      | Entered Level 5 of the Dungeon
  1086 | D:5      | Found a bloodstained altar of Trog.
  1108 | D:6      | Reached skill level 9 in Axes
  1128 | D:6      | Reached XP level 7. HP: 57/57 MP: 6/6
  1195 | D:6      | Reached skill level 10 in Axes
  1309 | D:7      | HP: 19/85 [orc warrior/halberd (15)]
  1315 | D:7      | HP: 9/85 [orc warrior/halberd (11)]
  1676 | D:7      | Reached skill level 11 in Axes
  1776 | D:7      | Reached *** piety under Trog
  1780 | D:7      | Reached XP level 8. HP: 62/64 MP: 7/7
  1831 | D:7      | Reached skill level 12 in Axes
  2351 | D:7      | Noticed Menkaure
  2357 | D:7      | Killed Menkaure
  2491 | D:7      | Reached skill level 13 in Axes
  2498 | D:7      | Got a twisted buckler
  2850 | D:8      | Found a staircase to the Lair.
  2855 | D:8      | Reached XP level 9. HP: 70/70 MP: 8/8
  2861 | D:8      | Reached skill level 14 in Axes
  2867 | D:8      | Reached **** piety under Trog
  3001 | Lair:1   | Entered Level 1 of the Lair of Beasts
  3262 | Lair:1   | HP: 25/105 [electric eel/bolt of electricity (9)]
  3464 | Lair:2   | Reached skill level 15 in Axes
  3600 | Lair:2   | Got a pitted chain mail
  3633 | Lair:2   | Noticed a spiny frog
  3641 | Lair:2   | Killed a spiny frog
  3913 | Lair:3   | Noticed an elephant
  3914 | Lair:3   | Noticed an elephant
  3915 | Lair:3   | Noticed an elephant
  3917 | Lair:3   | Noticed a black mamba
  3984 | Lair:3   | Noticed an elephant
  4024 | Lair:2   | Reached skill level 16 in Axes
  4440 | Lair:2   | Noticed a spiny frog
  4442 | Lair:2   | Reached XP level 10. HP: 54/77 MP: 9/9
  4446 | Lair:2   | Killed a spiny frog
  4769 | Lair:3   | Reached skill level 17 in Axes
  4926 | Lair:4   | Found a dark tunnel.
  5079 | Lair:4   | Noticed an eight-headed hydra
  5087 | Lair:4   | HP: 11/77 [eight-headed hydra (12)]
  5093 | Lair:4   | HP: 18/77 [eight-headed hydra (12)]
  5093 | Lair:4   | HP: 7/77 [eight-headed hydra (11)]
  5093 | Lair:4   | Slain by an eight-headed hydra

Skill      XL: |  1  2  3  4  5  6  7  8  9 10 |
---------------+-------------------------------+-----
Axes           | 4 5 7 8 9 11 13 16 17 | 17.8
Fighting       | |  3.6
Armour         | |  2.4
Dodging        | |  2.1

Action                   |  1- 3 |  4- 6 |  7- 9 | 10-12 || total
-------------------------+-------+-------+-------+-------++-------
Melee: Hand axe          |    51 |    52 |   237 |    53 ||   393
       Headbutt          |     5 |    11 |    55 |    14 ||    85
Invok: Berserk           |     1 |     3 |    10 |     5 ||    19
       Burn Spellbooks   |       |       |     1 |     1 ||     2
       Trog's Hand       |       |       |     1 |     1 ||     2
Evoke: Wand              |       |       |       |     1 ||     1
  Use: Scroll            |       |       |    10 |       ||    10
       Potion            |       |       |       |     2 ||     2
  Eat: Chunk             |       |     4 |    20 |     7 ||    31
       Fruit             |       |       |     2 |       ||     2
Armor: Ring mail         |    22 |     3 |       |       ||    25
       Plate armour      |       |    12 |    98 |    26 ||   136
Dodge: Dodged            |    36 |    21 |    75 |    18 ||   150

Vault maps used:
D:1:      co_arrival_square_in_a_square_in_a_square
D:2:      okawaru_trees_1, kennysheep_slug_shrine,
          nicolae_overflow_crystal_walls, serial_forest,
          infiniplex_forest_lined_corner, infiniplex_forest_lined_room_2,
          infiniplex_forest_lined_room_, infiniplex_forest_clump_small,
          infiniplex_forest_clump_double, infiniplex_forest_lined_2,
          uniq_crazy_yiuf_cottage
D:3:      uniq_natasha
D:4:      first_bread
D:5:      nicolae_ashenzari_panopticon, minmay_temple_entry_fiery, basic_altar,
          bloody_trog, uniq_edmund
D:6:      nicolae_overflow_hidden_temple, minmay_joined_circles
D:7:      kennysheep_opposing_triangles, uniq_menkaure
D:8:      erik_lair_orcish_takeover
Lair:1:   serial_bayou_shore_a, lemuel_fruit_fields
Lair:2:   lemuel_fruit_tree
Lair:3:   elwin_shoals_entry_rooms, nicolae_spider_entry_tight_spaces,
          serial_bayou_ford_a
Lair:4:   nicolae_volcano_entry_lava_flow, uniq_maud

Table legend:
 A = Turns spent in this place as a percentage of turns spent in the entire game.
 B = Non-inter-level travel turns spent in this place as a percentage of non-inter-level travel turns spent in the entire game.
 C = Inter-level travel turns spent in this place as a percentage of turns spent in this place.
 D = Turns resting spent in this place as a percentage of non-inter-level travel turns spent in this place.
 E = Turns spent auto-exploring this place as a percentage of non-inter-level travel turns spent in this place.
 F = Non-inter-level travel turns spent in this place divided by the number of levels of this place that you've seen.
                   A       B       C       D       E      F
               +-------+-------+-------+-------+-------+----------------------
         Total | 100.0 | 100.0 |   0.4 |   6.7 |   6.8 | 125.3
       Dungeon |  64.5 |  64.4 |   0.5 |   5.4 |   6.9 | 121.1
          Lair |  35.5 |  35.6 |   0.2 |   9.2 |   6.5 | 133.8
               +-------+-------+-------+-------+-------+----------------------

Table legend:
 A = Kills in this place as a percentage of kills in entire the game.
 B = Kills by you in this place as a percentage of kills by you in the entire game.
 C = Kills by friends in this place as a percentage of kills by friends in the entire game.
 D = Other kills in this place as a percentage of other kills in the entire game.
 E = Experience gained in this place as a percentage of experience gained in the entire game.
 F = Experience gained in this place divided by the number of levels of this place that you have seen.
                   A       B       C       D       E      F
               +-------+-------+-------+-------+-------+----------------------
         Total | 100.0 | 100.0 | 100.0 |  -nan | 100.0 | 717.8
       Dungeon |  79.5 |  79.4 | 100.0 |  -nan |  40.5 | 436.0
          Lair |  20.5 |  20.6 |   0.0 |  -nan |  59.5 | 1281.2
               +-------+-------+-------+-------+-------+----------------------
